 Dungeon Crawl Stone Soup version 0.17.0-22-g5edae84 (console) character file.

56 Kramin the Ruffian (level 3, -6/27 (28) HPs)
             Began as a Ghoul Arcane Marksman on Nov 13, 2015.
             Was an Initiate of Ru.
             Killed by divine providence
             ... invoked by an orc priest
              (10 damage)
             ... on level 3 of the Dungeon.
             The game lasted 00:03:34 (1185 turns).

Kramin the Ruffian (Ghoul Arcane Marksman)          Turns: 1185, Time: 00:03:34

HP:   -6/27 (28)    AC:  6    Str: 14    XL:     3   Next: 95%
MP:   0/3           EV: 10    Int:  8    God:    Ru [......]
Gold: 51            SH:  0    Dex:  9    Spells: 1 memorised, 3 levels left

rFire  . . .     SeeInvis .       - Unarmed
rCold  + . .     Clarity  .     f - +0 ring mail
rNeg   + + +     SustAt   .     (no shield)
rPois  ∞         Gourm    .     (no helmet)
rElec  .         Spirit   +     (no cloak)
rCorr  .         Warding  .     (no gloves)
rMut   .         Stasis   .     i - +0 pair of boots
MR     .....                    m - amulet of guardian spirit
Stlth  ..........               (no ring)
                                (no ring)

@: flying, rotting, not resistant to hostile enchantments, extremely unstealthy
A: rotting body, claws 1, carnivore 3, cold resistance 1, negative energy
resistance 3, slow regeneration 1, torment resistance, unbreathing
a: Renounce Religion


You were on level 3 of the Dungeon.
You worshipped Ru.
Ru was noncommittal.
You were not hungry.

You visited 1 branch of the dungeon, and saw 3 of its levels.

You collected 51 gold pieces.

Inventory:

Missiles
 a - 13 javelins (quivered)
 b - 2 throwing nets
Armour
 f - a +0 ring mail (worn)
 i - a +0 pair of boots (worn)
Jewellery
 m - an amulet of guardian spirit (around neck)
Scrolls
 g - a scroll of blinking {unknown}
 h - a scroll of noise
 j - a scroll of enchant weapon {unknown}
 l - a scroll of amnesia {unknown}
 n - a scroll of magic mapping {unknown}
 o - a scroll of random uselessness {unknown}
Books
 d - a book of Debilitation

   Spells                             Type                      Level
   a - Corona                         Hexes                        1
   b - Slow                           Hexes                        2
   c - Gell's Gravitas                Hexes/Translocation          3
   d - Inner Flame                    Hexes/Fire                   3
   e - Cause Fear                     Hexes                        4
   f - Leda's Liquefaction            Hexes/Earth                  4
Comestibles
 c - 2 chunks of flesh
 e - a meat ration


   Skills:
 - Level 1.1 Fighting
 - Level 1.7 Throwing
 - Level 1.7 Dodging
 + Level 3.7 Unarmed Combat
 - Level 1.0 Spellcasting
 - Level 2.4 Hexes


You had 3 spell levels left.
You knew the following spells:

 Your Spells              Type           Power        Failure   Level  Hunger
a - Corona                Hex            #......      34%         1    ##.....


Dungeon Overview and Level Annotations

Branches:
Dungeon (3/15)

Altars:
Ru
Xom
Zin


Innate Abilities, Weirdness & Mutations

Your body is rotting away.
You thrive on raw meat.
You are immune to poison.
You have sharp fingernails.
You are carnivorous and can eat meat at any time.
Your flesh is cold resistant.
You are immune to negative energy.
You regenerate slowly when monsters are visible.
You are immune to unholy pain and torment.
You can survive without breathing.


Message History

You feel your flesh rotting away. The orc hits you.
You closely miss the orc.
The orc is heavily wounded.
The orc priest calls down the wrath of Beogh upon you.
Something smites you!
* * * LOW HITPOINT WARNING * * *
The orc barely misses you.
Drink which item? (? for menu, Esc to quit)
It was a potion of flight.
You feel very buoyant.
You fly up into the air.
The orc hits you.
* * * LOW HITPOINT WARNING * * *
Read which item? (? for menu, Esc to quit)
As you read the scroll labeled ITIXUOTHR LOUPH, it crumbles to dust.
You hear a loud clanging noise!
It was a scroll of noise.
The orc closely misses you.
The orc priest invokes the aid of Beogh against you.
Something smites you!
You die...

##############
#..)....o....#
......##########.#
..... #.# ....
#########.# ...
#.oo...o..# ..
#@######### # #.#
#.# #####'##
#......# #
#......# #.
#......#
#.#######......#
#.............##


You could see an orc priest and 2 orcs.

Vanquished Creatures
  2 adders
  An orc (D:3)
  A ball python (D:1)
  3 bats
  3 giant cockroaches
  7 hobgoblins
  4 kobolds (D:1)
  A giant newt (D:3)
  7 goblins
  8 rats
37 creatures vanquished.

Vanquished Creatures (others)
  5 sheep (D:3)
5 creatures vanquished.

Grand Total: 42 creatures vanquished

Notes
Turn   | Place    | Note
--------------------------------------------------------------
     0 | D:1      | Kramin the Ghoul Arcane Marksman began the quest for the Orb.
     0 | D:1      | Reached XP level 1. HP: 16/16 MP: 1/1
   216 | D:1      | Reached skill level 1 in Unarmed Combat
   311 | D:1      | Reached XP level 2. HP: 20/23 MP: 2/2
   677 | D:1      | Reached XP level 3. HP: 23/27 MP: 3/3
   774 | D:2      | Reached skill level 3 in Unarmed Combat
   836 | D:2      | Found a sacrificial altar of Ru.
   845 | D:2      | Became a worshipper of Ru the Awakened
   857 | D:2      | You fall through a shaft!
   885 | D:3      | Found a shimmering altar of Xom.
  1026 | D:3      | Found a glowing silver altar of Zin.
  1185 | D:3      | Killed from afar by an orc priest

Action                   || total
-------------------------++-------
Melee: Unarmed           ||   148
  Use: Scroll            ||     1
       Potion            ||     1
  Eat: Chunk             ||     5
